Map: Dusk Towers

Players

zeldoot - Winner!

  • Race: Terran Terran
  • League: Diamond

LilDicky

  • Race: Terran Terran
  • League: Diamond

VOD

http://www.twitch.tv/tumescentpie

Description

Time

  • Played on: Jan. 2, 2016, 3:04 p.m.
  • Length: 29:11
Show
View Real Time Build Order
Export as new Build Order

zeldoot Terran - Winner!

Build Orders: Command Center First (CC), Mech 

Get SALT Encoding   

  12  0:01  SCV  
  13  0:13  SCV  
  14  0:17  Supply Depot  
  14  0:25  SCV  
  15  0:39  SCV  
  16  0:51  SCV  
  17  1:00  Command Center  
  17  1:03  SCV  
  18  1:14  Barracks  
  18  1:16  SCV  
  19  1:28  SCV  
  19  1:29  Refinery  
  19  1:32  Refinery  
  20  1:40  SCV  
  21  1:52  SCV  
  22  2:00  Marine  
  23  2:09  Orbital Command  
  23  2:10  Bunker  
  23  2:11  Orbital Command  
  23  2:19  Marine  
  24  2:45  SCV x2, Engineering Bay  
  26  2:53  Factory, Marine  
  26  2:57  SCV  
  29  2:58  SCV  
  29  3:10  SCV  
  30  3:18  Command Center  
  30  3:19  SCV  
  31  3:21  Marine  
  31  3:26  Supply Depot  
  32  3:28  SCV  
  33  3:38  SCV, Missile Turret, Factory Tech Lab  
  34  3:46  SCV  
  35  3:52  SCV  
  36  4:01  Missile Turret  
  36  4:03  Missile Turret  
  36  4:04  SCV  
  36  4:05  Siege Tank  
  36  4:06  Missile Turret  
  40  4:13  Starport  
  40  4:15  SCV  
  41  4:21  Missile Turret  
  41  4:23  Supply Depot  
  41  4:25  SCV  
  42  4:39  Factory  
  42  4:56  Missile Turret  
  42  4:57  Viking, Missile Turret  
  44  5:05  Bunker  
  44  5:06  SCV, Siege Tank  
  48  5:16  Supply Depot  
  48  5:18  Orbital Command  
  48  5:19  Supply Depot, Factory  
  43  5:58  Siege Tank  
  43  5:59  Viking  
  48  6:07  Missile Turret  
  48  6:10  Missile Turret  
  48  6:25  Missile Turret  
  48  6:27  SCV x2  
  48  6:29  Hellion  
  48  6:31  Infernal Pre-Igniter  
  52  6:32  Viking  
  54  6:50  Hellion  
  56  6:58  SCV x3  
  59  7:04  Refinery  
  59  7:06  Refinery  
  59  7:07  Liberator  
  59  7:10  SCV x2  
  59  7:11  Hellion  
  59  7:13  Factory  
  59  7:14  Factory  
  63  7:19  Siege Tank  
  66  7:23  SCV  
  70  7:34  SCV x2  
  70  7:35  SCV  
  73  7:46  SCV  
  73  7:47  SCV  
  75  7:54  Armory, Missile Turret  
  75  7:56  Missile Turret x2  
  75  7:57  Armory, Siege Tank  
  78  7:59  SCV  
  78  8:02  Factory Tech Lab  
  78  8:03  Supply Depot, Factory Reactor  
  78  8:04  Supply Depot x2  
  79  8:10  SCV x2  
  81  8:15  SCV  
  81  8:17  Missile Turret  
  81  8:18  Missile Turret  
  82  8:20  Missile Turret  
  82  8:22  Command Center  
  82  8:26  Supply Depot  
  82  8:27  SCV  
  83  8:28  Supply Depot  
  83  8:33  Liberator  
  65  8:44  Hellion x2, Siege Tank  
  65  8:45  Hellion  
  70  9:06  Hellion x2, Siege Tank, Missile Turret  
  70  9:08  SCV x2  
  79  9:10  Missile Turret  
  79  9:12  Missile Turret  
  79  9:13  Hellion  
  79  9:17  Hellion  
  83  9:26  Widow Mine x2  
  87  9:33  Viking  
  87  9:37  SCV x2  
  91  9:39  Orbital Command  
  91  9:40  SCV  
  92  9:45  Factory Reactor  
  92  9:47  Drilling Claws  
  92  9:49  SCV x2  
  92  9:52  SCV, Starport, Terran Vehicle And Ship Armor Level 1, Terran Vehicle Weapons Level 1  
  95  9:53  Siege Tank  
  98  10:01  SCV  
  98  10:04  SCV  
  98  10:16  SCV  
  99  10:21  Viking  
  100  10:44  Hellion x2, Siege Tank, Starport Reactor  
  100  10:49  Hi-Sec Auto Tracking  
  101  10:58  Supply Depot x2  
  91  11:05  Hellion  
  91  11:06  Siege Tank  
  91  11:10  Hellion x2  
  96  11:14  Factory x2  
  96  11:15  Refinery x2  
  93  11:24  Hellion  
  90  11:29  Siege Tank  
  90  11:31  Hellion x2  
  97  11:38  Siege Tank  
  100  11:42  Missile Turret x2  
  96  11:53  Hellion x2, Viking x2  
  104  11:54  Starport Reactor  
  104  12:00  Hellion x2  
  104  12:01  Siege Tank  
  109  12:14  Hellion x2, Liberator  
  113  12:21  Hellion x2  
  117  12:23  Barracks  
  117  12:35  Hellion x2  
  124  12:43  Hellion x2  
  128  12:57  Hellion x2  
  132  13:04  Hellion x2  
  134  13:05  Viking x2  
  134  13:06  Viking, Widow Mine, Liberator  
  134  13:07  Hellion  
  136  13:18  Hellion x2, Liberator  
  140  13:25  Hellion  
  140  13:26  Hellion  
  141  13:39  Hellion  
  141  13:40  Hellion  
  146  13:47  Hellion x2  
  148  14:01  Hellion x2  
  145  14:08  Hellion x2  
  149  14:15  Viking x2  
  147  14:22  Hellion x2  
  148  14:27  Hellion x2, Siege Tank  
  148  14:28  Hellion  
  148  14:30  Hellion  
  125  14:47  Hellion x3  
  125  14:49  Hellion x3  
  125  14:51  Hellion  
  136  14:59  Siege Tank  
  131  15:08  Hellion x3  
  131  15:10  Hellion  
  131  15:12  Hellion  
  130  15:17  Liberator x2  
  128  15:22  Viking x2  
  128  15:23  Hellion x2  
  126  15:31  Hellion  
  126  15:32  Siege Tank  
  126  15:34  Liberator  
  117  15:38  Refinery x2  
  117  15:41  Command Center  
  117  15:44  Liberator  
  117  15:48  Missile Turret  
  117  15:50  Missile Turret  
  117  15:52  Missile Turret  
  117  15:54  Missile Turret  
  117  15:55  Missile Turret  
  111  15:59  Liberator  
  111  16:00  Liberator  
  98  16:17  Hellion x2, Siege Tank x2, Liberator  
  108  16:27  Liberator  
  79  16:40  Hellion x3  
  79  16:42  Widow Mine  
  90  16:48  Hellion x2  
  90  16:49  Siege Tank x2, Missile Turret  
  90  16:50  SCV x4, Missile Turret x2  
  104  17:00  Widow Mine  
  104  17:06  Widow Mine  
  107  17:10  Hellion x2, Missile Turret  
  107  17:14  Missile Turret  
  107  17:19  Missile Turret  
  107  17:21  Command Center, Hellion, Siege Tank  
  110  17:31  Hellion  
  107  17:44  Missile Turret  
  103  17:47  Liberator x2  
  103  17:48  Liberator x2  
  88  18:17  Hellion x3, Siege Tank  
  86  18:29  Missile Turret  
  86  18:32  Missile Turret  
  85  18:38  Hellion x2, Siege Tank  
  92  18:41  Terran Ship Weapons Level 1  
  92  18:44  Liberator x2  
  92  18:49  Hellion  
  89  19:12  Command Center  
  89  19:20  Missile Turret  
  89  19:21  Missile Turret  
  89  19:24  Missile Turret x2  
  89  19:26  Hellion x2, Widow Mine  
  89  19:28  Liberator  
  85  19:45  Missile Turret  
  84  19:55  Liberator  
  87  20:14  Terran Vehicle And Ship Armor Level 2  
  87  20:24  Liberator x2  
  84  20:35  Widow Mine x2  
  92  20:48  Hellion  
  92  20:49  Hellion  
  96  20:52  Terran Ship Weapons Level 2  
  96  20:58  Planetary Fortress, Refinery  
  96  21:01  Factory  
  96  21:02  Refinery  
  98  21:04  Hellion  
  98  21:21  Hellion, Siege Tank  
  98  21:22  Hellion  
  107  21:25  Hellion  
  107  21:35  Missile Turret  
  107  21:43  Hellion x2  
  113  21:47  Hellion  
  113  21:54  Siege Tank  
  104  22:20  Siege Tank  
  104  22:21  Hellion x2  
  107  22:25  SCV x3  
  107  22:26  Hellion  
  110  22:37  SCV x2  
  112  22:47  Hellion x2, Siege Tank  
  112  22:53  Hellion  
  98  23:08  Hellion x2, Factory Reactor  
  102  23:14  Siege Tank  
  102  23:19  Hellion  
  107  23:29  Widow Mine  
  107  23:30  Hellion  
  111  23:40  Widow Mine  
  91  23:46  Hellion  
  87  23:51  Hellion  
  87  23:53  Hellion x2  
  93  23:58  Hellion  
  92  24:07  Siege Tank  
  92  24:08  Widow Mine  
  90  24:12  Hellion  
  90  24:14  Hellion  
  86  24:28  Liberator x2  
  80  24:38  Siege Tank, Widow Mine x2  
  83  24:39  Hellion  
  83  24:40  Siege Tank  
  92  24:49  Command Center  
  96  25:03  Widow Mine  
  92  25:27  Missile Turret  
  84  25:29  Missile Turret  
  80  25:38  Siege Tank  
  80  25:39  Hellion x3  
  82  25:48  Missile Turret  
  82  25:49  Hellion, Siege Tank  
  78  25:51  Missile Turret  
  78  25:54  SCV  
  78  26:00  Hellion  
  78  26:03  SCV x2  
  78  26:04  SCV  
  81  26:06  SCV  
  80  26:15  SCV  
  80  26:17  Planetary Fortress  
  78  26:21  SCV x2  
  80  26:27  SCV  
  81  26:33  SCV x2  
  81  26:39  Liberator  
  84  26:40  SCV  
  84  26:43  Liberator x2  
  84  26:45  SCV  
  83  26:52  Terran Vehicle Weapons Level 2  
  83  26:55  Hellion x3, Siege Tank  
  83  26:56  Hellion x2  
  102  27:16  Hellion  
  102  27:22  Hellion x2, Siege Tank  
  96  27:38  Liberator x3  
  96  27:41  Hellion, Siege Tank  
  96  27:42  Hellion  
  96  27:44  Hellion  
  101  27:48  Missile Turret  
  101  27:52  SCV x3  
  113  28:04  SCV x2  
  113  28:05  SCV  
  97  28:13  Hellion x2, Siege Tank  
  97  28:16  SCV  
  103  28:21  Hellion x2  
  107  28:31  Hellion  
  109  28:34  Hellion  
  109  28:35  Hellion  
  109  28:37  Refinery x2  
  113  28:46  Hellion x3  
Show
View Real Time Build Order
Export as new Build Order

LilDicky Terran 

Build Orders: 1/1/1, Liberator Opening 

Get SALT Encoding   

  12  0:01  SCV  
  13  0:13  SCV  
  14  0:18  Supply Depot  
  14  0:26  SCV  
  15  0:29  Refinery  
  15  0:39  SCV  
  16  0:45  Barracks  
  16  0:51  SCV  
  17  1:03  SCV  
  18  1:11  Refinery  
  18  1:18  SCV  
  19  1:30  SCV  
  20  1:33  Marine  
  20  1:35  Supply Depot  
  21  1:43  Factory, Orbital Command  
  21  1:51  Marine  
  22  2:05  Supply Depot  
  22  2:09  SCV  
  22  2:11  Marine  
  24  2:26  Factory Tech Lab  
  24  2:27  SCV, Starport  
  24  2:28  Marine  
  26  2:39  SCV  
  27  2:49  Liberator  
  27  2:51  Siege Tank  
  27  2:52  SCV  
  27  2:55  Supply Depot, Marine  
  32  3:04  SCV  
  36  3:14  Supply Depot  
  36  3:15  Marine  
  36  3:16  SCV  
  38  3:23  Siege Tank  
  41  3:31  Engineering Bay  
  41  3:34  Marine  
  42  3:42  Supply Depot  
  42  3:43  SCV  
  43  3:49  Viking  
  45  3:57  SCV  
  45  3:58  Siege Tank  
  49  4:05  Missile Turret  
  49  4:12  SCV  
  49  4:13  Marine  
  51  4:20  Medivac  
  53  4:24  SCV  
  53  4:28  Supply Depot  
  54  4:36  SCV  
  51  5:34  Viking  
  53  5:37  Missile Turret  
  53  5:46  SCV  
  52  6:01  Missile Turret  
  52  6:02  Siege Tank  
  52  6:03  Command Center  
  55  6:05  SCV  
  56  6:11  Starport Reactor  
  56  6:12  Refinery  
  56  6:16  Refinery  
  53  6:19  Command Center  
  51  6:34  Siege Tank  
  54  6:43  SCV  
  55  6:55  SCV  
  56  7:06  Siege Tank  
  56  7:07  SCV  
  60  7:09  Marine  
  61  7:16  Viking x2  
  61  7:19  SCV  
  61  7:21  Orbital Command  
  66  7:25  Factory  
  66  7:31  SCV  
  66  7:33  Orbital Command  
  67  7:42  Siege Tank  
  67  7:43  SCV  
  71  7:51  SCV, Marine  
  72  7:57  SCV  
  74  7:59  SCV  
  74  8:03  SCV  
  76  8:08  Marine  
  76  8:09  SCV  
  76  8:11  Supply Depot x2, SCV  
  79  8:13  Factory Tech Lab  
  79  8:15  Siege Tank  
  65  8:54  Liberator x2  
  65  9:06  Siege Tank  
  65  9:08  Marine  
  72  9:34  SCV x3  
  72  9:38  Siege Tank  
  75  9:45  Hi-Sec Auto Tracking  
  75  9:46  SCV x2  
  75  9:47  SCV  
  78  9:54  Viking x2  
  78  9:58  SCV x2  
  78  9:59  Refinery x2  
  84  10:00  Siege Tank  
  84  10:01  Starport  
  84  10:02  Starport  
  84  10:03  Command Center  
  87  10:07  Liberator x2  
  80  10:15  Command Center  
  80  10:27  Missile Turret x2  
  85  10:38  Missile Turret  
  85  10:45  Viking x2  
  89  10:54  SCV  
  89  10:56  Refinery  
  89  10:59  Refinery  
  86  11:07  Viking x2  
  88  11:13  Refinery x2  
  88  11:28  Siege Tank x2  
  94  11:42  Orbital Command  
  94  11:43  Fusion Core  
  94  11:50  Planetary Fortress  
  94  11:53  Liberator  
  94  11:54  Starport Tech Lab x2  
  94  11:55  Command Center  
  94  12:01  Missile Turret  
  94  12:05  Command Center  
  92  12:10  Medivac  
  94  12:31  Behemoth Reactor  
  94  12:33  Advanced Ballistics  
  94  12:34  Cloaking Field  
  94  12:36  Banshee x2  
  100  12:42  Starport  
  100  12:43  SCV x2  
  102  12:57  Command Center  
  102  12:58  Liberator  
  102  12:59  Liberator  
  102  13:00  Supply Depot  
  102  13:10  Barracks  
  102  13:18  Siege Tank x2  
  102  13:19  Banshee x2  
  117  13:43  Supply Depot  
  117  13:45  Planetary Fortress  
  117  13:51  SCV  
  117  13:52  Supply Depot  
  117  13:53  Supply Depot  
  117  13:54  Supply Depot  
  118  14:02  Banshee  
  118  14:09  Planetary Fortress  
  113  14:15  Planetary Fortress  
  107  14:18  Missile Turret  
  107  14:22  Barracks Tech Lab  
  107  14:23  Missile Turret  
  104  14:36  Missile Turret  
  104  14:37  Banshee, Viking  
  98  14:42  Siege Tank  
  90  15:15  Orbital Command  
  90  15:17  Banshee  
  90  15:20  Hellion x2  
  93  15:41  Hellion  
  93  15:42  Hellion  
  95  16:03  Hellion  
  97  16:32  Siege Tank x2  
  92  16:33  Banshee  
  89  17:03  Banshee, Viking  
  89  17:04  SCV, Siege Tank  
  86  17:23  Hellion  
  86  17:29  Viking  
  90  17:30  Viking  
  90  17:36  Hellion  
  85  17:45  Viking  
  78  18:05  SCV x3  
  73  18:07  Banshee  
  73  18:09  SCV  
  73  18:10  Hellion x2  
  81  18:18  SCV x4  
  85  18:21  SCV  
  85  18:22  Barracks  
  85  18:23  Barracks  
  85  18:25  Barracks x3  
  85  18:26  Barracks  
  86  18:31  Command Center, Hellion  
  88  18:40  Command Center  
  76  18:58  Viking x4  
  76  19:01  Hellion x2, Orbital Command  
  75  19:22  Hellion x2  
  67  19:43  Hellion  
  68  19:47  SCV x5  
  68  19:50  Banshee x2  
  79  19:58  SCV  
  79  19:59  SCV x3  
  83  20:06  SCV  
  84  20:08  SCV  
  84  20:09  Refinery  
  84  20:10  SCV  
  84  20:11  SCV  
  84  20:13  Planetary Fortress  
  87  20:16  Refinery  
  87  20:22  Planetary Fortress  
  81  20:32  Hellion x2, Marine x4  
  84  20:53  Siege Tank  
  87  21:00  Marine x3  
  90  21:07  Banshee x2  
  90  21:08  Barracks Tech Lab, Viking x2  
  90  21:10  Marine x3  
  103  21:17  Barracks  
  103  21:18  Marine x3  
  104  21:19  Barracks x2, Orbital Command  
  104  21:20  Barracks x2  
  104  21:22  Barracks x3  
  104  21:25  Barracks  
  106  21:26  Refinery  
  106  21:27  Refinery  
  106  21:28  Refinery, Marine x3  
  109  21:35  Widow Mine x2  
  109  21:36  Marine x3  
  109  21:37  Refinery  
  114  21:46  Marine x3  
  116  21:47  Command Center  
  116  21:49  Command Center  
  116  21:53  Marine  
  116  21:54  Marine x2  
  118  22:03  Marine  
  118  22:04  Marine x2  
  118  22:11  Marine x3  
  111  22:26  Marine  
  111  22:27  Marine x8  
  111  22:28  Marine x3  
  111  22:29  Marine x3  
  115  22:41  Siege Tank x2  
  121  22:44  Marine x2  
  121  22:45  Marine x4  
  101  22:56  Marine  
  101  22:57  Marine x8  
  92  23:02  Marine x4  
  92  23:03  Marine x2  
  89  23:08  SCV x3  
  89  23:09  SCV  
  89  23:10  Planetary Fortress x2  
  89  23:12  Missile Turret  
  93  23:13  Missile Turret  
  93  23:14  Marine  
  93  23:15  Marine x8  
  93  23:18  Banshee, Siege Tank x2  
  93  23:19  Banshee, Viking x2  
  118  23:20  Marine x4  
  105  23:42  Marine x2  
  105  23:44  Marine  
  105  23:45  Marine x7  
  109  23:49  Viking x2  
  109  23:52  Marine x2  
  114  24:01  Banshee  
  114  24:02  Viking  
  107  24:04  Marine x3  
  107  24:06  Marine x3  
  107  24:09  Marine x2  
  107  24:17  Marine  
  100  24:18  Marine x6  
  100  24:22  Marine x3  
  103  24:24  Marine x3  
  103  24:27  Marine x2  
  103  24:31  SCV  
  109  24:32  SCV x3  
  109  24:33  SCV  
  109  24:34  Marine  
  109  24:36  Marine x6  
  109  24:37  Armory  
  109  24:38  Armory, Siege Tank x2  
  126  24:39  Marine  
  126  24:40  Marine  
  128  24:50  Missile Turret  
  128  24:55  Raven  
  128  24:57  Banshee, Viking  
  135  25:03  Marine x3  
  135  25:04  Marine  
  135  25:05  Marine  
  112  25:30  Medivac  
  112  25:31  Medivac  
  112  25:32  Marine  
  112  25:33  Marine x2  
  101  25:38  Marine x2  
  90  25:46  Marine  
  90  25:47  Marine x7  
  90  25:48  Marine  
  99  25:55  Marine  
  99  25:56  Marine x5  
  102  26:04  Marine x2  
  102  26:05  Marine x7  
  109  26:13  Marine  
  107  26:19  Marine x2  
  107  26:22  Marine x2  
  107  26:23  Marine x5  
  107  26:24  Marine x3  
  116  26:27  Marine  
  116  26:28  Marine  
  118  26:33  Terran Vehicle And Ship Armor Level 1  
  118  26:38  SCV  
  118  26:39  SCV x2  
  120  26:42  Marine x3  
  114  26:53  Marine x3  
  117  26:55  Siege Tank x2  
  117  26:59  SCV x3  
  117  27:00  SCV  
  127  27:02  Marine x2  
  129  27:10  Banshee x2  
  129  27:15  Marine x2  
  127  27:24  Marine  
  127  27:27  Siege Tank x2  
  134  27:30  Marine x3  
  134  27:31  Marine x2  
  128  27:49  Marine x2  
  128  27:50  Marine x12  
  142  27:56  Barracks Tech Lab  
  142  27:58  Viking x2, Medivac x2  
  145  27:59  Siege Tank x2  
  116  28:16  Marine x3  
  110  28:21  Marine x2  
  110  28:22  Marine x2  
  110  28:23  Marine  
  110  28:25  SCV x2  
  116  28:28  Viking x2  
  116  28:31  Siege Tank x2  
  132  28:43  Barracks Tech Lab, Marine x2  
  132  28:44  Marine x3  
  129  29:02  Missile Turret x2  
Tags
 
Add a new tag
Caveats
  • Supply blocks, unpowered buildings, or Contaminate may cause inaccurate times.
  • Supply counts are checked every 10 seconds.